 Dungeon Crawl Stone Soup version 0.28.0-45-g0d030f2227 (webtiles) character file.

Game seed: 9112118191354452335

9020 safid the Severer (level 11, -12/97 HPs)
             Began as a Hill Orc Fighter on Apr 14, 2022.
             Was a Follower of Beogh.
             Mangled by a cane toad (15 damage)
             ... on level 1 of the Lair of Beasts on Apr 15, 2022.
             The game lasted 00:17:56 (11196 turns).

safid the Severer (Hill Orc Fighter)               Turns: 11196, Time: 00:17:57

Health: -12/97     AC: 15    Str: 24    XL:     11   Next: 40%
Magic:  11/11      EV:  9    Int:  8    God:    Beogh [*.....]
Gold:   357        SH:  4    Dex: 10    Spells: 10/10 levels left

rFire   x . .      SeeInvis .   x - +0 broad axe
rCold   + + .      Faith    .   c - +0 buckler
rNeg    . . .      Spirit   .   s - +0 ice dragon scales
rPois   +          Reflect  .   (no helmet)
rElec   .          Harm     .   q - +2 cloak
rCorr   .          Rampage  .   (no gloves)
Will    +....                   (no boots)
Stlth   ..........              (no amulet)
HPRegen 0.26/turn               l - ring of willpower
MPRegen 0.12/turn               n - ring of poison resistance

@: about to teleport
A: no striking features
a: Renounce Religion


You were on level 1 of the Lair of Beasts.
You worshipped Beogh.
Beogh was aware of your devotion.
You visited 2 branches of the dungeon, and saw 11 of its levels.

You collected 552 gold pieces.
You spent 195 gold pieces at shops.

Inventory:

Hand Weapons
 x - a +0 broad axe (weapon)
Missiles
 p - 11 poisoned darts (quivered)
 w - 4 throwing nets
Armour
 c - a +0 buckler (worn)
 q - a +2 cloak (worn)
 s - +0 ice dragon scales (worn)
Jewellery
 d - an amulet of faith
 l - a ring of willpower (left hand)
 n - a ring of poison resistance (right hand)
 o - a ring of ice
 B - a ring of flight
Wands
 a - a wand of paralysis (2)
 b - a wand of mindburst (19)
 t - a wand of flame (29)
 y - a wand of charming (1)
 C - a wand of iceblast (7)
Scrolls
 f - 2 scrolls of immolation
 g - a scroll of holy word {unknown}
 k - 3 scrolls of teleportation
 m - a scroll of blinking {unknown}
 v - 2 scrolls of fear {unknown}
 A - a scroll of enchant weapon {unknown}
 D - a scroll of torment {unknown}
 E - a scroll of vulnerability {unknown}
Potions
 e - 2 potions of resistance
 h - 2 potions of attraction
 i - 5 potions of flight
 r - a potion of mutation {unknown}
 u - a potion of ambrosia {unknown}
 z - a potion of magic {unknown}


   Skills:
 + Level 9.3 Fighting
 - Level 18.0 Axes
 + Level 8.6 Armour
 - Level 4.0 Shields


You had 10 spell levels left.
You didn't know any spells.
Your spell library contained the following spells:

 Spells                   Type           Power      Damage    Failure   Level
 Pain                     Necr           0%         1d4       82%         1
 Ensorcelled Hibernation  Hex/Ice        0%         N/A       91%         2
 Conjure Flame            Conj/Fire      0%         6-21      99%         3
 Ignite Poison            Fire/Tmut/Pois 0%         N/A       99%         3
 Ozocubu's Armour         Ice            0%         N/A       99%         3
 Spider Form              Tmut/Pois      0%         N/A       99%         3
 Anguish                  Hex/Necr       0%         N/A       100%        4
 Sticky Flame             Conj/Fire      0%         2d3       100%        4
 Agony                    Necr           0%         N/A       100%        5
 Excruciating Wounds      Necr           0%         N/A       100%        5
 Metabolic Englaciation   Hex/Ice        0%         N/A       100%        5
 Simulacrum               Ice/Necr       0%         N/A       100%        6
 Borgnjor's Revivificati  Necr           0%         N/A       100%        8
 Necromutation            Tmut/Necr      0%         N/A       100%        8
 Death's Door             Necr           0%         N/A       100%        9


Dungeon Overview and Level Annotations

Branches:
Dungeon (10/15)            Temple (0/1) D:7            Lair (1/6) D:9
    Orc: D:9-12

Altars:
Cheibriados
Elyvilon
Kikubaaqudgha
Nemelex Xobeh
Okawaru
Ru
Trog
Yredelemnul
The Shining One

Shops:
D:1 *(:(   D:5 :


Message History

The cane toad stings you.
The basilisk bites you but does no damage.
The cane toad stings you. The cane toad stings you!! The basilisk bites you!
The cane toad barely misses you. The basilisk bites you.
You turn to flesh and can move again.
Unknown command.
Unknown command.
Unknown command.
Unknown command.
Unknown command.
Unknown command.
Unknown command.
Unknown command.
Unknown command.
Unknown command.
Unknown command.
Unknown command.
Unknown command.
Unknown command.
You slash the cane toad!
The cane toad is moderately wounded.
You completely miss the basilisk.
The cane toad stings you but does no damage.
The basilisk bites you!
* * * LOW HITPOINT WARNING * * *
Unknown command.
You slash the cane toad!
The cane toad is severely wounded.
You slash the basilisk! The cane toad barely misses you.
The basilisk bites you!
* * * LOW HITPOINT WARNING * * *
Unknown command.
As you read the scroll of teleportation, it crumbles to dust.
You feel strangely unstable. The cane toad stings you!
* * * LOW HITPOINT WARNING * * *
The basilisk gazes at you. You resist with almost no effort.
The cane toad stings you!
You die...

### ###### ##
#########.###.##.##.####
........................
.....#.#..#####.....##
....#####.P####.@...##
................Fl...#
....##.......##......#
....##.......##.....+....
....#........##.....# #..
.....#.......##.....# .
....###..######.....#
....###..### #.....#
............ ......#


You could see a cane toad and a basilisk.

Vanquished Creatures
  Harold (D:7)
  A centaur warrior (D:9)
  Pikel (D:6)
  2 komodo dragons (Lair:1)
  Maggie (D:6)
  A hornet (D:9)
  A wraith (D:10)
  A basilisk (D:10)
  10 yaks
  A wyvern (D:7)
  2 steam dragons
  Grum (D:8)
  Edmund (D:5)
  An acid dragon (D:10)
  3 water moccasins
  Duvessa (D:5)
  2 sky beasts
  2 orc warriors (D:9)
  2 ice beasts
  A black bear (D:7)
  2 necrophages
  5 centaurs
  3 ogres
  4 wolves (D:8)
  2 phantoms
  A kobold brigand (D:8)
  A bullfrog (Lair:1)
  A scorpion (D:6)
  A wyvern skeleton (D:7)
  Dowan (D:5)
  10 killer bees (D:10)
  A bullfrog zombie (D:6)
  3 centaur zombies
  A jelly (D:5)
  3 hounds
  2 centaur skeletons
  A gnoll shaman (D:8)
  A bullfrog skeleton (D:6)
  3 iguanas
  6 orc wizards
  A scorpion zombie (D:5)
  A howler monkey zombie (D:9)
  2 howler monkey skeletons (D:6)
  6 adders
  4 gnolls (D:8)
  A shadow imp (D:6)
  An ufetubus (D:6)
  A dart slug (D:1)
  22 orcs
  5 endoplasms
  A giant cockroach (D:4)
  14 goblins
  6 hobgoblins
  7 quokkas
  2 ball pythons
  4 bats
  5 frilled lizards
  12 kobolds
  7 rats
190 creatures vanquished.

Vanquished Creatures (others)
  A centaur (D:9)
  3 howler monkeys (D:9)
  An orc priest (D:9)
  An orc (D:9)
  A fungus (Lair:1)
7 creatures vanquished.

Grand Total: 197 creatures vanquished

Notes
Turn   | Place    | Note
-------+----------+-------------------------------------------
     0 | D:1      | safid the Hill Orc Fighter began the quest for the Orb.
     0 | D:1      | Reached XP level 1. HP: 19/19 MP: 1/1
   178 | D:1      | Found Rucsa's Antique Weapon Boutique.
   197 | D:1      | Found Udomuir's Weapon Boutique.
   224 | D:1      | Found Raasesaf's General Store.
   292 | D:1      | Reached skill level 3 in Axes
   292 | D:1      | Reached XP level 2. HP: 27/27 MP: 2/2
   569 | D:1      | Found Gicofyit's Book Emporium.
   745 | D:2      | Reached XP level 3. HP: 33/33 MP: 3/3
  1069 | D:2      | Found a basalt altar of Yredelemnul.
  1130 | D:2      | Reached XP level 4. HP: 40/40 MP: 4/4
  1589 | D:3      | Reached skill level 4 in Axes
  1971 | D:3      | Found a bloodstained altar of Trog.
  2112 | D:4      | Noticed a necrophage
  2127 | D:4      | Killed a necrophage
  2128 | D:4      | Reached skill level 5 in Axes
  2128 | D:4      | Reached XP level 5. HP: 33/46 MP: 5/5
  2131 | D:4      | Found a glowing golden altar of the Shining One.
  2318 | D:4      | Reached skill level 6 in Axes
  2417 | D:4      | Noticed an ogre
  2424 | D:4      | Killed an ogre
  2425 | D:4      | Reached skill level 7 in Axes
  2425 | D:4      | Reached XP level 6. HP: 32/52 MP: 6/6
  2686 | D:4      | Noticed an ice beast
  2687 | D:4      | Noticed a steam dragon
  2698 | D:4      | Killed a steam dragon
  2699 | D:4      | Reached skill level 8 in Axes
  2699 | D:4      | Killed an ice beast
  2700 | D:4      | Reached skill level 9 in Axes
  2700 | D:4      | Reached XP level 7. HP: 49/59 MP: 7/7
  3054 | D:5      | Entered Level 5 of the Dungeon
  3054 | D:5      | Noticed Duvessa
  3054 | D:5      | Noticed Dowan
  3063 | D:5      | Killed Duvessa
  3079 | D:5      | Killed Dowan
  3080 | D:5      | Reached skill level 10 in Axes
  3095 | D:5      | Found a snail-covered altar of Cheibriados.
  3171 | D:5      | Reached XP level 8. HP: 51/66 MP: 8/8
  3301 | D:5      | Noticed Edmund
  3309 | D:5      | Reached skill level 11 in Axes
  3319 | D:5      | Killed Edmund
  3613 | D:5      | Found a white marble altar of Elyvilon.
  3651 | D:5      | Found an iron altar of Okawaru.
  3729 | D:5      | Found Loteit Wywubb's Book Shoppe.
  4188 | D:1      | Bought a potion of heal wounds for 65 gold pieces
  4188 | D:1      | Bought a potion of resistance for 130 gold pieces
  4425 | D:6      | Reached skill level 12 in Axes
  4524 | D:6      | Reached skill level 13 in Axes
  4747 | D:6      | Noticed Maggie
  4764 | D:6      | Killed Maggie
  4765 | D:6      | Reached skill level 14 in Axes
  4765 | D:6      | Reached XP level 9. HP: 24/71 MP: 9/9
  5011 | D:6      | Noticed Pikel
  5037 | D:6      | Killed Pikel
  5038 | D:6      | Reached skill level 15 in Axes
  5162 | D:6      | Identified the +2 chain mail of the Guilds {*Corrode Will+
                  | Int+4}
  5985 | D:7      | Reached skill level 16 in Axes
  6225 | D:7      | Noticed Harold
  6244 | D:7      | Killed Harold
  6245 | D:7      | Reached XP level 10. HP: 61/83 MP: 10/10
  6368 | D:7      | Found a staircase to the Ecumenical Temple.
  7550 | D:8      | Noticed Grum
  7596 | D:8      | Killed Grum
  8503 | D:9      | Became a worshipper of Beogh the Brigand
  8564 | D:9      | Noticed a centaur warrior
  8578 | D:9      | Killed a centaur warrior
  8579 | D:9      | Reached skill level 17 in Axes
  8872 | D:9      | Found a staircase to the Lair.
  9068 | D:9      | Paralysed by a hornet for 1 turns
  9512 | D:9      | Reached XP level 11. HP: 85/94 MP: 11/11
  9850 | D:10     | Entered Level 10 of the Dungeon
 10010 | D:10     | Reached * piety under Beogh
 10012 | D:10     | Reached skill level 18 in Axes
 10394 | D:10     | Found an ancient bone altar of Kikubaaqudgha.
 10569 | D:10     | Found a sparkling altar of Nemelex Xobeh.
 10572 | D:10     | Found a sacrificial altar of Ru.
 10824 | Lair:1   | Entered Level 1 of the Lair of Beasts
 11195 | Lair:1   | HP: 2/97 [cane toad (10)]
 11196 | Lair:1   | Mangled by a cane toad

Illustrated notes

Levels and vault maps discovered:
D:1:      dpeg_arrival_simpleton_b, layout_rooms, serial_shops, shop, shop,
          nicolae_shop_advertising_works [nicolae_subvault_shop_adworks], shop
D:2:      layout_loops_ring, basic_altar
D:3:      layout_rooms, lemuel_tele_altar
D:4:      layout_cave_pods, mainiacjoe_overflow_chevrons
D:5:      layout_basic, mainiacjoe_overflow_catch_the_wave,
          mainiacjoe_overflow_paths, serial_shops, shop, uniq_duvessa,
          uniq_edmund
D:6:      minmay_spotlight, layout_gridville, uniq_pikel, uniq_maggie
D:7:      cheibrodos_iron_armory, layout_basic, temple_fountains, uniq_harold
D:8:      layout_layer_cave, enter_bailey_3, uniq_grum
D:9:      nicolae_cairo_tiling, layout_cave_pods, lair_entry_dummy
D:10:     layout_cross, nicolae_overflow_squiral, overflow_temple_1_default
Lair:1:   layout_regular_city, grunt_megastairs_4, uniq_fannar

Skill      XL: |  1  2  3  4  5  6  7  8  9 10 11 |
---------------+----------------------------------+-----
Axes           | 3 5 7 9 10 14 16 17 18 | 18.0
Fighting       | 4 6 8 9 |  9.3
Shields        | 4 |  4.0
Armour         | 4 6 7 8 |  8.6

Action                   |  1- 3 |  4- 6 |  7- 9 | 10-12 || total
-------------------------+-------+-------+-------+-------++-------
Melee: War axe           |    77 |   126 |   258 |       ||   461
       Broad axe         |       |       |       |   268 ||   268
Invok: Convert to Beogh  |       |       |       |     1 ||     1
  Use: Potion            |       |       |     2 |     5 ||     7
       Scroll            |       |       |     4 |     3 ||     7
Armor: Scale mail        |    37 |    65 |     2 |       ||   104
       Ice dragon scales |       |       |    93 |   202 ||   295
Dodge: Dodged            |    39 |    54 |    87 |   163 ||   343
Block: Buckler           |    25 |    31 |    37 |    64 ||   157
